 Dungeon Crawl Stone Soup version 0.17.0-28-g6e173f8 (webtiles) character file.

202 dohliylev the Stinger (level 5, -2/42 HPs)
             Began as a Naga Venom Mage on Nov 24, 2015.
             Slain by 4thArraOfDagon's ghost (7 damage)
             ... on level 3 of the Dungeon.
             The game lasted 00:24:17 (2978 turns).

dohliylev the Stinger (Naga Venom Mage)             Turns: 2978, Time: 00:24:18

Health: -2/42      AC:  4    Str: 10    XL:     5   Next: 80%
Magic:  11/11      EV: 10    Int: 19    God:
Gold:   181        SH:  0    Dex: 12    Spells: 3 memorised, 4 levels left

rFire  . . .     SeeInvis +     s - +2 dagger (venom)
rCold  . . .     Clarity  .     m - +1 robe {MR+}
rNeg   . . .     SustAt   .     (no shield)
rPois  +         Gourm    .     (no helmet)
rElec  .         Spirit   .     (no cloak)
rCorr  .         Warding  .     t - +0 pair of gloves
rMut   .         Stasis   .     (no barding)
MR     +....                    (no amulet)
Stlth  ++........               p - +3 ring of intelligence
                                h - ring of flight

@: very slow, somewhat resistant to hostile enchantments, unstealthy
A: see invisible, deformed body, poison resistance, slowness 2, slow metabolism
1, spit poison 2, AC +1
a: Spit Poison, Evoke Flight


You were on level 3 of the Dungeon.
You were not hungry.

You visited 1 branch of the dungeon, and saw 3 of its levels.

You collected 181 gold pieces.

Inventory:

Hand Weapons
 s - a +2 dagger of venom (weapon)
Armour
 a - a +0 robe
 m - a +1 robe of magic resistance (worn)
 t - a +0 pair of gloves (worn)
Jewellery
 h - a ring of flight (left hand)
 p - a +3 ring of intelligence (right hand)
Scrolls
 g - 4 scrolls of identify
 k - a scroll of remove curse
 l - 2 scrolls of random uselessness {unknown}
 u - a scroll of amnesia {unknown}
 w - a scroll of fog {unknown}
 x - 3 scrolls of teleportation {unknown}
Potions
 d - a potion of curing
 e - a potion of magic {unknown}
 f - a potion of resistance {unknown}
 i - a potion of heal wounds {unknown}
 j - a potion of lignification {unknown}
 n - a potion of degeneration {unknown}
 q - a potion of haste {unknown}
 r - a potion of mutation {unknown}
 v - a potion of flight {unknown}
Books
 b - a Young Poisoner's Handbook

   Spells                             Type                      Level
   a - Sting                          Conjuration/Poison           1
   b - Cure Poison                    Poison                       2
   c - Mephitic Cloud                 Conjuration/Poison/Air       3
   d - Olgreb's Toxic Radiance        Poison                       4
   e - Venom Bolt                     Conjuration/Poison           5
Comestibles
 c - a bread ration
 o - 3 meat rations
 z - a chunk of flesh
 A - a beef jerky


   Skills:
 - Level 1.5 Dodging
 - Level 3.0 Stealth
 * Level 4.0 Spellcasting
 + Level 2.2 Conjurations
 + Level 0.6 Air Magic
 - Level 6.4 Poison Magic


You had 4 spell levels left.
You knew the following spells:

 Your Spells              Type           Power        Failure   Level  Hunger
a - Sting                 Conj/Pois      ###.         2%          1    None
b - Mephitic Cloud        Conj/Pois/Air  ###.....     12%         3    ###....
c - Olgreb's Toxic Radia  Pois           ####....     12%         4    ####...


Dungeon Overview and Level Annotations

Branches:
Dungeon (3/15)

Altars:
Okawaru
Ru

Annotations:
D:3 4thArraOfDagon's ghost, weakling MiBe


Innate Abilities, Weirdness & Mutations

You cannot wear boots.
Your serpentine skin is tough (AC +1).
You have supernaturally acute eyesight.
Armour fits poorly on your strangely shaped body.
Your system is resistant to poisons.
You cover ground very slowly.
You have a slow metabolism.
You can spit poison.


Message History

Press: ? - help, Shift-Dir - straight line, f - 4thArraOfDagon's ghost
Aim: 4thArraOfDagon's ghost (lightly damaged)
The splash of poison hits 4thArraOfDagon's ghost. 4thArraOfDagon's ghost completely resists. 4thArraOfDagon's ghost is lightly damaged.
You feel slightly more hungry. 4thArraOfDagon's ghost closely misses you. 4thArraOfDagon's ghost hits you but does no damage. 4thArraOfDagon's ghost screams in joy, "As in life, so in death: Kill!
Kill!!
Kill!!!"
You have got your breath back. 4thArraOfDagon's ghost hits you.
* * * LOW HITPOINT WARNING * * *
4thArraOfDagon's ghost yells, "Who would have thought, even in death it is a pleasure to sever!" 4thArraOfDagon's ghost barely misses you. 4thArraOfDagon's ghost whispers, "Trust me.
Just give in." 4thArraOfDagon's ghost barely misses you. 4thArraOfDagon's ghost misses you. 4thArraOfDagon's ghost closely misses you. 4thArraOfDagon's ghost hits you!
You die...

#.# #.# .#
####.#### .#
#.......### .#
#.##......# .#
#.##..###.# .#
#.....# #.# .##
#..#..###.#
####..####.
#..#......#
#.W@.......
#.........#
#.###.####.
...#......####.###
#
####.............#
####.....######.#
#........# ...
#.####.### #.# #.#
#.#### .# #.#
#....# #


You could see 4thArraOfDagon's ghost.

Vanquished Creatures
  2 orc priests (D:3)
  An orc wizard (D:2)
  4 adders
  3 oozes
  A worm (D:2)
  5 orcs
  2 giant cockroaches
  4 hobgoblins
  10 jackals
  7 bats
  3 giant geckos
  4 giant newts
  5 goblins
  8 kobolds
  7 rats
66 creatures vanquished.

Notes
Turn   | Place    | Note
--------------------------------------------------------------
     0 | D:1      | dohliylev the Naga Venom Mage began the quest for the Orb.
     0 | D:1      | Reached XP level 1. HP: 15/15 MP: 3/3
   106 | D:1      | Reached XP level 2. HP: 22/22 MP: 0/5
   290 | D:1      | Reached skill level 6 in Poison Magic
   442 | D:1      | Reached XP level 3. HP: 19/28 MP: 6/6
   883 | D:2      | Learned a level 3 spell: Mephitic Cloud
  1014 | D:2      | HP: 1/28 [ooze (4)]
  1443 | D:2      | Reached XP level 4. HP: 36/36 MP: 3/8
  1515 | D:2      | Reached skill level 1 in Conjurations
  1790 | D:2      | Found a sacrificial altar of Ru.
  1791 | D:2      | Found an iron altar of Okawaru.
  1825 | D:2      | Learned a level 4 spell: Olgreb's Toxic Radiance
  2153 | D:2      | Reached XP level 5. HP: 8/42 MP: 2/10
  2947 | D:3      | Noticed 4thArraOfDagon's ghost (weakling MiBe)
  2978 | D:3      | Slain by 4thArraOfDagon's ghost

Action                   |  1- 3 |  4- 6 || total
-------------------------+-------+-------++-------
Melee: Short sword       |    12 |       ||    12
       Unarmed           |     1 |       ||     1
       Dagger            |     3 |    26 ||    29
 Cast: Sting             |    46 |    35 ||    81
       Mephitic Cloud    |     1 |     5 ||     6
       Olgreb's Toxic Ra |       |     2 ||     2
 Abil: Spit Poison       |    15 |    10 ||    25
       Evoke Flight      |     1 |       ||     1
  Use: Scroll            |     2 |       ||     2
       Potion            |     1 |       ||     1
 Stab: Sleeping          |     1 |     2 ||     3
  Eat: Bread ration      |     1 |     1 ||     2
       Chunk             |     1 |       ||     1
